 Dungeon Crawl Stone Soup version 0.23.2-40-g277498a001 (webtiles) character file.

Game seed: 13651777243504479415

35 Descartes the Gusty (level 3, -2/17 HPs)
             Began as a Vine Stalker Air Elementalist on Aug 31, 2019.
             Slain by an adder (3 damage)
             ... on level 2 of the Dungeon.
             The game lasted 00:03:42 (1334 turns).

Descartes the Gusty (Vine Stalker Air Elementalist) Turns: 1334, Time: 00:03:44

Health: -2/17      AC:  3    Str: 10    XL:     3   Next: 35%
Magic:  0/7        EV: 12    Int: 16    God:
Gold:   24         SH:  0    Dex: 14    Spells: 6/7 levels left

rFire    + . .     SeeInvis .   d - +0 spear
rCold    . . .     Gourm    .   (no shield)
rNeg     . . .     Faith    .   a - +0 robe
rPois    .         Spirit   +   (no helmet)
rElec    .         Reflect  .   q - +0 cloak
rCorr    .         Harm     .   (no gloves)
MR       .....                  (no boots)
Stlth    ++........             (no amulet)
HPRegen  0.05/turn              i - ring of protection from fire
MPRegen  0.10/turn              (no ring)

@: lethally poisoned (-2 -> -13), very slightly contaminated
A: fangs 2, magic shield, antimagic bite, no potion heal 3, rot immunity
a: no special abilities


You were on level 2 of the Dungeon.
You were not hungry.

You visited 1 branch of the dungeon, and saw 2 of its levels.

You collected 24 gold pieces.

Inventory:

Hand Weapons
 d - a +0 spear (weapon)
Missiles
 h - 31 arrows
 l - 23 stones (quivered)
 n - 45 bolts
 o - 19 poisoned needles
Armour
 a - a +0 robe (worn)
 g - a +0 leather armour
 q - a +0 cloak (worn)
Jewellery
 i - a ring of protection from fire (left hand)
 r - an uncursed ring of wizardry {unknown}
Scrolls
 e - 2 scrolls of enchant weapon {unknown}
 f - a scroll of remove curse {unknown}
 j - a scroll of immolation {unknown}
 k - a scroll of identify {unknown}
 p - 2 scrolls of enchant armour {unknown}
Potions
 b - 2 potions of brilliance {unknown}
Comestibles
 c - 5 rations
 m - 3 chunks of flesh


   Skills:
 + Level 0.4 Fighting
 + Level 0.2 Armour
 + Level 1.7 Dodging
 + Level 2.8 Stealth
 + Level 0.4 Unarmed Combat
 * Level 2.6 Spellcasting
 * Level 1.5 Conjurations
 * Level 3.2 Air Magic


You had 6 spell levels left.
You knew the following spells:

 Your Spells              Type           Power        Failure   Level  Hunger
a - Shock                 Conj/Air       #...         8%          1    #......

Your spell library contained the following spells:

 Spells                   Type           Power        Failure   Level  Hunger
 Swiftness                Chrm/Air       #.......     16%         2    ##.....
 Static Discharge         Conj/Air       #.......     22%         3    ###....
 Airstrike                Air            ##........   45%         4    #####..
 Lightning Bolt           Conj/Air       #.........   90%         5    ######.


Dungeon Overview and Level Annotations

Branches:
Dungeon (2/15)

Altars:


Innate Abilities, Weirdness & Mutations

You have extremely sharp teeth.
When hurt, damage is shared between your health and your magic reserves.
Your bite disrupts and absorbs the magic of your enemies.
Potions cannot restore your health.
You are immune to rotting.


Message History

You are more poisoned.
The adder poisons you! The rat bites you.
You barely miss the adder. Your bite misses the adder.
The adder is almost dead.
You feel sick. The adder bites you.
You are more poisoned.
The adder poisons you! The rat closely misses you.
The adder closely misses you.
You miss the adder.
The adder is almost dead.
* * * LOW HITPOINT WARNING * * *
You feel sick. The adder completely misses you. The rat closely misses you.
You are too injured to fight recklessly!
You barely miss the adder.
The adder is almost dead.
* * * LOW HITPOINT WARNING * * *
You feel sick. The adder misses you. The rat bites you.
* * * LOW HITPOINT WARNING * * *
The adder bites you.
You die...

# # .. ######### ..
#.......##. #.###
#.......##. ... #
#.......##.# ..# ..#
#.......##.###.###..#
###.......##....S.....#
..........##....@r....#
###.......##..........#
#.......##..[.......#
#.......##..........#
#.......##..........#
##.########.........#
#.# ##.####...# #.# #.#
#>.# #.# #.# .##


You could see an adder and a rat.

Vanquished Creatures
  2 worms (D:2)
  A dart slug (D:1)
  A leopard gecko (D:1)
  6 bats
  3 giant cockroaches (D:1)
  A goblin (D:1)
  2 hobgoblins (D:2)
  3 frilled lizards (D:1)
  3 kobolds
  4 rats
26 creatures vanquished.

Notes
Turn   | Place    | Note
-------+----------+-------------------------------------------
     0 | D:1      | Descartes the Vine Stalker Air Elementalist began the quest
                  | for the Orb.
     0 | D:1      | Reached XP level 1. HP: 9/9 MP: 4/4
   121 | D:1      | Reached XP level 2. HP: 13/13 MP: 3/6
   872 | D:2      | Reached XP level 3. HP: 17/17 MP: 1/7
  1334 | D:2      | Slain by an adder

Action                   || total
-------------------------++-------
Melee: Unarmed           ||     1
       Spear             ||    10
 Cast: Shock             ||    61
  Eat: Chunk             ||     2
Armor: Robe              ||     7
Dodge: Dodged            ||    16
